 Dungeon Crawl Stone Soup version 0.30-a0-702-gdf48620a09 (webtiles) character file.

Game seed: 14674658482668162815

271 Anon1729 the Ducker (level 6, 0/73 HPs)
             Began as a Merfolk Monk on Jan 21, 2023.
             Was a Believer of Trog.
             Slain by an orc
             ... wielding a +0 dagger
              (4 damage)
             ... on level 4 of the Dungeon.
             The game lasted 00:02:27 (2547 turns).

Anon1729 the Ducker (Merfolk Monk)                  Turns: 2547, Time: 00:02:27

Health: 0/73       AC:  6    Str: 15    XL:     6   Next: 23%
Magic:  6/6        EV: 13    Int:  9    God:    Trog [**....]
Gold:   165        SH:  0    Dex: 18    Spells: 5/5 levels left

rFire   . . .      SeeInvis .    a - +0 falchion
rCold   . . .      Faith    .    (no shield)
rNeg    . . .      Spirit   .    t - +0 ring mail "Yciakhum" {Str+3}
rPois   .          Reflect  .    (no helmet)
rElec   .          Harm     .    (no cloak)
rCorr   .          Rampage  .    i - +0 pair of gloves
Will    .....                    (no boots) Stlth
                                 (no amulet)
HPRegen 0.32/turn                (no ring)
MPRegen 0.10/turn                (no ring)

@: berserking, very quick
A: (nimble swimmer 2), mertail
a: Renounce Religion, Berserk, Trog's Hand


You were on level 4 of the Dungeon.
You worshipped Trog.
Trog was pleased with you.
You visited 1 branch of the dungeon, and saw 4 of its levels.

You collected 165 gold pieces.

Inventory:

Hand Weapons
 a - a +0 falchion (weapon)
Armour
 b - a +0 robe
 i - a +0 pair of gloves (worn)
 r - a +0 scale mail
 t - the +0 ring mail "Yciakhum" (worn) {Str+3}
   (You found it on level 4 of the Dungeon)

   Str:       It affects your strength (+3).
Magical Staves
 e - a staff of conjuration
Jewellery
 q - a ring of poison resistance
Scrolls
 d - 3 scrolls of amnesia {unknown}
 f - a scroll of teleportation {unknown}
 k - a scroll of magic mapping {unknown}
 n - 3 scrolls of immolation {unknown}
 p - a scroll of blinking {unknown}
Potions
 c - a potion of ambrosia
 g - a potion of brilliance {unknown}
 h - a potion of mutation {unknown}
 j - a potion of attraction {unknown}
 l - a potion of lignification {unknown}
 m - 5 potions of degeneration {unknown}
 o - a potion of flight {unknown}
 s - a potion of curing {unknown}


   Skills:
 * Level 4.6 Fighting
 * Level 5.0 Long Blades
 + Level 0.2 Armour
 + Level 5.5 Dodging
 + Level 4.1 Stealth
 * Level 0.5 Evocations


You had 5 spell levels left.
You didn't know any spells.
Your spell library contained the following spells:

 Spells                   Type           Power      Damage    Failure   Level
 Vhi's Electric Charge    Tloc/Air       0%         N/A       94%         3
 Arcjolt                  Conj/Air       0%         1d10      100%        5
 Maxwell's Capacitive Co  Air            0%         ∞         100%        8


Dungeon Overview and Level Annotations

Branches:
Dungeon (4/15)
 Temple: D:4-7

Altars:
Fedhas
Gozag
Qazlal
Trog


Innate Abilities, Weirdness & Mutations

((You are very nimble when in or above water. (Stealth+, EV+, Speed+++)))
Your lower body shifts to a powerful aquatic tail in water.


Message History

The orc misses you. The orc barely misses you.
The orc wizard hits you with a +0 dagger.
The orc barely misses you. The orc misses you.
You closely miss the orc wizard.
The orc wizard is severely wounded.
The orc misses you.
The orc hits you from afar with a +0 trident.
The orc misses you. The orc barely misses you.
The orc wizard hits you with a +0 dagger.
You hit the orc wizard but do no damage.
The orc wizard is severely wounded.
The orc hits you but does no damage. The orc barely misses you.
The orc hits you from afar with a +0 trident.
The orc closely misses you. The orc wizard barely misses you.
You closely miss the orc wizard.
The orc wizard is severely wounded.
The orc barely misses you. x2; The orc wizard barely misses you.
The orc barely misses you. x2
You hit the orc wizard but do no damage.
The orc wizard is severely wounded.
The orc barely misses you. The orc hits you but does no damage.
The orc wizard hits you with a +0 dagger.
* * * LOW HITPOINT WARNING * * *
The orc hits you from afar with a +0 trident!
* * * LOW HITPOINT WARNING * * *
The orc closely misses you.
A red film seems to cover your vision as you go berserk!
You feel yourself moving faster!
You feel mighty! The orc completely misses you.
The orc hits you but does no damage.
The orc hits you from afar with a +0 trident.
* * * LOW HITPOINT WARNING * * *
The orc misses you.
The orc wizard hits you with a +0 dagger.
* * * LOW HITPOINT WARNING * * *
You closely miss the orc wizard.
The orc wizard is severely wounded.
The orc hits you with a +0 hand axe.
* * * LOW HITPOINT WARNING * * *
The orc hits you with a +0 dagger.
You die...

#.......##
##........##
#..........#
#..........#
#.........#
#....o....#
#....oo..#
#..o@o..# .
#.......# ..
##.....## #..#
#.....# ###
#...#....## ####.#
#.....########....#
##.......##....####
#..#####...####
#.#######..#


You could see an orc wizard and 4 orcs.

Vanquished Creatures
  A black bear (D:3)
  Jessica (D:3)
  An iguana (D:4)
  5 adders
  A worm (D:2)
  2 dart slugs
  3 orcs
  5 bats
  4 endoplasms
  7 giant cockroaches
  5 goblins
  5 hobgoblins
  9 jackals
  4 quokkas
  5 ball pythons
  6 kobolds
  6 rats
70 creatures vanquished.

Vanquished Creatures (others)
  A plant (D:2)
1 creature vanquished.

Grand Total: 71 creatures vanquished

Notes
Turn   | Place    | Note
-------+----------+-------------------------------------------
     0 | D:1      | Anon1729 the Merfolk Monk began the quest for the Orb.
     0 | D:1      | Reached XP level 1. HP: 18/18 MP: 1/1
    74 | D:1      | Reached XP level 2. HP: 24/24 MP: 2/2
   179 | D:1      | You fall into a shaft and drop 1 floor!
   324 | D:1      | Reached XP level 3. HP: 26/26 MP: 3/3
   936 | D:2      | Reached XP level 4. HP: 37/37 MP: 4/4
  1486 | D:3      | Found a blossoming altar of Fedhas.
  1486 | D:3      | Noticed a black bear
  1500 | D:3      | Killed a black bear
  1501 | D:3      | Reached skill level 5 in Dodging
  1501 | D:3      | Reached XP level 5. HP: 7/43 MP: 5/5
  1995 | D:3      | Found a bloodstained altar of Trog.
  2018 | D:3      | Noticed a water elemental
  2021 | D:3      | Found a stormy altar of Qazlal.
  2022 | D:3      | Noticed Jessica
  2023 | D:3      | Noticed an air elemental
  2023 | D:3      | Noticed a fire elemental
  2034 | D:3      | Killed Jessica
  2035 | D:3      | Reached XP level 6. HP: 31/49 MP: 6/6
  2098 | D:3      | Found an opulent altar of Gozag.
  2342 | D:3      | Became a worshipper of Trog the Wrathful
  2342 | D:3      | Reached * piety under Trog
  2342 | D:3      | Reached ** piety under Trog
  2360 | D:4      | Reached skill level 5 in Long Blades
  2410 | D:4      | Identified the +0 ring mail "Yciakhum" {Str+3}
  2547 | D:4      | Slain by an orc

Illustrated notes

Levels and vault maps discovered:
D:1:      dpeg_arrival_morbid_curiosity, layout_rooms, serial_forest,
          infiniplex_forest_end_2, infiniplex_forest_lined_2,
          infiniplex_forest_end_2, infiniplex_forest_clump_medium,
          infiniplex_forest_lined_room_2, infiniplex_forest_end_2,
          infiniplex_forest_lined_2, infiniplex_forest_lined_4_way
D:2:      layout_loops_ring, serial_bayou_pond_d, minmay_octomino_j4
D:3:      layout_basic, lemuel_doored_altar,
          nicolae_gozag_cash_rules_everything_around_me, fedhas_altar_2,
          nicolae_qazlal_style_of_elements, uniq_jessica
D:4:      layout_cave_pods

Skill      XL: |  1  2  3  4  5  6 |
---------------+-------------------+-----
Long Blades    | 4 5 |  5.0
Stealth        | 3 4 |  4.1
Fighting       | 4 |  4.6
Dodging        | 5 |  5.5
Armour         | |  0.2
Evocations     | |  0.5

Action                   |  1- 3 |  4- 6 || total
-------------------------+-------+-------++-------
Melee: Falchion          |    99 |   146 ||   245
       Punch             |     2 |     3 ||     5
Invok: Berserk           |       |     1 ||     1
 Stab: Sleeping          |    10 |     2 ||    12
Armor: Robe              |    12 |    31 ||    43
       Ring mail         |       |    10 ||    10
Dodge: Dodged            |    73 |   167 ||   240

Table legend: (Time is in decaauts)
 A = Elapsed time spent in this place.
 B = Non-inter-level travel time spent in this place.
 C = Inter-level travel time spent in this place.
 D = Time resting spent in this place.
 E = Time spent auto-exploring this place.
 F = Levels seen in this place.
 G = Mean time per level.
                   A        B        C        D        E       F      G
               +--------+--------+--------+--------+--------+-----+--------+
         Total |   2565 |   2493 |     72 |    247 |   1676 |   4 |  641.2 |
       Dungeon |   2565 |   2493 |     72 |    247 |   1676 |   4 |  641.2 |
               +--------+--------+--------+--------+--------+-----+--------+

Top non-repeatable levels by time:
     D:3: 963 daAuts
     D:2: 736 daAuts
     D:1: 655 daAuts
     D:4: 210 daAuts
